 Dungeon Crawl Stone Soup version 0.18-a0-1372-gd644665 (webtiles) character file.

55 wvc the Grave Robber (level 3, 2/26 HPs)
             Began as a Demonspawn Necromancer on Feb 21, 2016.
             Quit the game on level 2 of the Dungeon.
             The game lasted 00:04:40 (1610 turns).

wvc the Grave Robber (Demonspawn Necromancer)       Turns: 1610, Time: 00:04:40

Health: 2/26       AC:  7    Str:  8    XL:     3   Next: 67%
Magic:  0/6        EV: 10    Int: 17    God:
Gold:   165        SH:  0    Dex: 13    Spells: 2 memorised, 2 levels left

rFire  . . .     SeeInvis .     g - +0 hand axe
rCold  . . .     Gourm    .     d - +0 ring mail
rNeg   . . .     Faith    .     (no shield)
rPois  .         Spirit   +     (no helmet)
rElec  .         Dismiss  .     (no cloak)
rCorr  .         Reflect  .     j - +0 pair of gloves
SustAt .         Harm     .     m - +0 pair of boots
MR     .....                    n - amulet of guardian spirit
Stlth  +.........               (no ring)
                                h - ring of flight

@: not resistant to hostile enchantments, very unstealthy
A: rot immunity
a: Evoke Flight


You were on level 2 of the Dungeon.
You were hungry.

You visited 1 branch of the dungeon, and saw 2 of its levels.

You collected 165 gold pieces.

Inventory:

Hand Weapons
 g - a +0 hand axe (weapon)
Missiles
 k - 2 needles of sleeping
Armour
 d - a +0 ring mail (worn)
 j - a +0 pair of gloves (worn)
 m - a +0 pair of boots (worn)
Jewellery
 h - a ring of flight (left hand)
 n - an amulet of guardian spirit (around neck)
Scrolls
 a - a scroll of identify
Potions
 e - 3 potions of cancellation
 f - a potion of flight
Books
 b - a book of Necromancy

   Spells                             Type                      Level
   a - Pain                           Necromancy                   1
   b - Animate Skeleton               Necromancy                   1
   c - Vampiric Draining              Necromancy                   3
   d - Regeneration                   Charms/Necromancy            3
   e - Animate Dead                   Necromancy                   4
   f - Control Undead                 Necromancy                   4
Comestibles
 c - a bread ration
 o - 2 chunks of flesh


   Skills:
 + Level 1.3 Fighting
 * Level 1.4 Axes
 - Level 2.0 Armour
 - Level 1.7 Dodging
 - Level 1.7 Stealth
 - Level 2.0 Spellcasting
 - Level 4.3 Necromancy


You had 2 spell levels left.
You knew the following spells:

 Your Spells              Type           Power        Failure   Level  Hunger
a - Pain                  Necr           ###.         12%         1    #......
b - Regeneration          Chrm/Necr      #.........   77%         3    ###....


Dungeon Overview and Level Annotations

Branches:
Dungeon (2/15)

Altars:

Annotations:
D:2 Sigmund


Innate Abilities, Weirdness & Mutations

You are immune to rotting.


Message History

* * * LOW HITPOINT WARNING * * *
x2 You hit something but do no damage.
Something hits you.
* * * LOW HITPOINT WARNING * * *
Drink which item? (? for menu, Esc to quit)
You feel much better.
Drink which item? (? for menu, Esc to quit)
You feel much better.
You hear some strange, mumbled words.
A puff of flame appears from out of thin air!
The puff of flame hits you!
You hit something.
You hear some strange, mumbled words.
A magic dart appears from out of thin air!
The magic dart hits you!
You closely miss something. Something hits you!
You miss something. Something hits you!
* * * LOW HITPOINT WARNING * * *
x2 Drink which item? (? for menu, Esc to quit)
Okay, then.
Are you sure you want to abandon this character and quit the game? (Confirm with "yes".)

#..).### ##.#..#.#
##'#...# #.#..#@#
###.#.#.####.#....#
###...#.#.........###
#.......######..###
#.#...........#.#####
######...................#
........#.##.#####.##.##.#
........#.....#.@{.# ..#.#
........########)#.......#
........# #.#.###..##
........# #.†......#
........# ###......##
........##########.......#
........#........#.....#.#
........#........#.....#
........#..............#


There were no monsters in sight!

Vanquished Creatures
  An adder (D:2)
  2 oozes (D:1)
  A giant gecko (D:1)
  4 bats (D:1)
  2 giant cockroaches (D:2)
  9 goblins
  2 hobgoblins (D:1)
  9 kobolds
  2 giant newts (D:1)
  3 rats (D:1)
35 creatures vanquished.

Notes
Turn   | Place    | Note
--------------------------------------------------------------
     0 | D:1      | wvc the Demonspawn Necromancer began the quest for the Orb.
     0 | D:1      | Reached XP level 1. HP: 13/13 MP: 3/3
   228 | D:1      | Reached skill level 1 in Armour
   410 | D:1      | Gained mutation: You are immune to rotting. [demonic ancestry]
   410 | D:1      | Reached XP level 2. HP: 12/20 MP: 0/5
   877 | D:1      | Reached XP level 3. HP: 25/25 MP: 6/6
  1165 | D:2      | Reached skill level 1 in Fighting
  1352 | D:2      | Reached skill level 1 in Axes
  1367 | D:2      | Learned a level 3 spell: Regeneration
  1546 | D:2      | Noticed Sigmund
  1604 | D:2      | HP: 1/26 [something (3)]
  1610 | D:2      | Quit the game

Vault maps used:
D:1:      dpeg_arrival_fog, serial_bayou_crossing
D:2:      uniq_sigmund

Action                   || total
-------------------------++-------
Melee: Hand axe          ||   122
 Cast: Pain              ||    16
  Use: Scroll            ||     4
       Potion            ||     3
 Stab: Sleeping          ||     2
  Eat: Chunk             ||     2
